 Dungeon Crawl Stone Soup version 0.18.1-48-g4cf74bf (webtiles) character file.

26 Krapald the Ducker (level 2, -2/29 HPs)
             Began as a Troll Fighter on July 13, 2016.
             Slain by a goblin
             ... wielding a +0 dagger
              (3 damage)
             ... on level 2 of the Dungeon.
             The game lasted 00:04:01 (788 turns).

Krapald the Ducker (Troll Fighter)                   Turns: 788, Time: 00:04:04

Health: -2/29      AC:  5    Str: 23    XL:     2   Next: 89%
Magic:  1/1        EV:  8    Int:  4    God:
Gold:   92         SH:  8    Dex:  9    Spells: 0 memorised, 1 level left

rFire  . . .     SeeInvis .       - Unarmed
rCold  . . .     Gourm    +     a - +0 robe
rNeg   . . .     Faith    .     b - +0 shield
rPois  .         Spirit   .     (helmet restricted)
rElec  .         Dismiss  .     (no cloak)
rCorr  .         Reflect  .     (gloves unavailable)
SustAt .         Harm     .     (boots unavailable)
MR     .....                    (no amulet)
Stlth  +.........               (no ring)
                                (no ring)

@: not resistant to hostile enchantments, very unstealthy
A: unfitting armour, claws 3, fast metabolism 3, gourmand, regeneration 2,
shaggy fur 1, tough skin 2
a: no special abilities


You were on level 2 of the Dungeon.
You were not hungry.

You visited 1 branch of the dungeon, and saw 2 of its levels.

You collected 92 gold pieces.

Inventory:

Hand Weapons
 h - a +0 short sword
 t - a +0 club
Missiles
 e - 75 stones (quivered)
Armour
 a - a +0 robe (worn)
 b - a +0 shield (worn)
 f - a +0 ring mail
Jewellery
 i - a cursed -3 ring of intelligence {unknown}
Scrolls
 n - 2 scrolls of remove curse
 p - a scroll of identify
 r - a scroll of random uselessness {unknown}
 s - a scroll of teleportation {unknown}
Potions
 c - a potion of might
 j - 2 potions of agility
 k - a potion of curing {unknown}
 l - a potion of cure mutation {unknown}
 o - a potion of resistance {unknown}
 q - a potion of flight {unknown}
Comestibles
 d - a bread ration
 g - 2 fruits
 m - 2 meat rations


   Skills:
 + Level 2.6 Fighting
 + Level 2.8 Dodging
 + Level 2.7 Shields
 + Level 2.1 Unarmed Combat


You had one spell level left.
You didn't know any spells.

Dungeon Overview and Level Annotations

Branches:
Dungeon (2/15)

Altars:


Innate Abilities, Weirdness & Mutations

You are too large for most types of armour.
You have claws for hands.
Your metabolism is lightning-fast.
You like to eat raw meat.
You heal very quickly.
You are covered in fur (AC +1).
You have very tough skin (AC +2).


Message History

j - 2 potions of agility You block the adder's attack.
The goblin hits you but does no damage. The kobold hits you but does no damage.
You block the adder's attack.
You feel sick.
Found a scroll of remove curse.
A giant gecko and a bat come into view.
You feel sick. You block the bat's attack.
You barely miss the bat. You block the bat's attack.
The bat hits you but does no damage. The goblin hits you but does no damage.
The bat hits you.
* * * LOW HITPOINT WARNING * * *
Found a potion of might.
You block the giant gecko's attack. The bat barely misses you.
You scratch the giant gecko but do no damage.
You feel sick.
You are no longer poisoned.
You block the bat's attack. The giant gecko bites you.
* * * LOW HITPOINT WARNING * * *
The goblin hits you with a dagger.
You die...

.....# ...... .....
....### #....#
#?...## #!.l..# ..
#.@.# .# ...
#gSK######..##
....##b...........##
.........#.#.#.#.#..
.....#.............
.........#.#.#.#.#
.....####.........
.....#...#.#.#.#.#..
.... #..............


You could see an adder, a giant gecko, a goblin, a bat and a kobold.

Vanquished Creatures
  An adder (D:2)
  An ooze (D:1)
  A giant gecko (D:2)
  A giant cockroach (D:1)
  A hobgoblin (D:1)
  2 giant newts (D:1)
  4 kobolds (D:1)
  2 rats (D:1)
13 creatures vanquished.

Notes
Turn   | Place    | Note
--------------------------------------------------------------
     0 | D:1      | Krapald the Troll Fighter began the quest for the Orb.
     0 | D:1      | Reached XP level 1. HP: 22/22 MP: 0/0
   249 | D:1      | Reached XP level 2. HP: 20/29 MP: 1/1
   788 | D:2      | HP: 1/29 [giant gecko (3)]
   788 | D:2      | Slain by a goblin

Action                   || total
-------------------------++-------
Melee: Unarmed           ||    46
  Use: Scroll            ||     2
  Eat: Bread ration      ||     1
       Fruit             ||     1
       Chunk             ||     1
Armor: Robe              ||    18
Dodge: Dodged            ||    21
Block: Shield            ||    35
